 Dungeon Crawl Stone Soup version 0.13.0-9-gbc74161 (webtiles) character file.

185 HungrySpirit the Magician (level 4, -2/24 HPs)
             Began as a Deep Elf Fire Elementalist on Oct 17, 2013.
             Killed from afar by ark's ghost (19 damage)
             ... with a flame
             ... on Level 3 of the Dungeon.
             The game lasted 00:06:24 (2322 turns).

HungrySpirit the Magician (DEFE)                    Turns: 2322, Time: 00:06:24

HP  -2/24        AC  6     Str  6      XL: 4   Next: 29%
MP   2/14        EV 13     Int 20      God:
Gold 97          SH  0     Dex 15      Spells:  2 memorised,  7 levels left

Res.Fire  : . . .   See Invis. : .   d - +2,+0 elf dagger (venom)
Res.Cold  : . . .   Warding    : .   a - +0 elf robe
Life Prot.: . . .   Conserve   : .   (no shield)
Res.Poison: .       Res.Corr.  : .   (no helmet)
Res.Elec. : .       Clarity    : .   (no cloak)
Sust.Abil.: . .     Spirit.Shd : .   q - +2 pair of dwarf gloves
Res.Mut.  : .       Stasis     : .   j - +0 pair of boots
Res.Rott. : .       Flight     : .   (no amulet)
Saprovore : . . .                    (no ring)
                                     (no ring)

@: very slightly contaminated, slightly resistant to hostile enchantments,
fairly stealthy
A: no striking features
a: no special abilities


You were on level 3 of the Dungeon.
You were hungry.

You visited 1 branch of the dungeon, and saw 3 of its levels.

You collected 77 gold pieces.

Inventory:

Hand weapons
 d - a +2,+0 elven dagger of venom (weapon)
Armour
 a - a +0 elven robe (worn)
 j - a +0 pair of boots (worn)
 q - a +2 pair of dwarven gloves (worn)
Comestibles
 c - 3 bread rations
 l - a royal jelly
 s - a chunk of jackal flesh
Scrolls
 e - 3 scrolls of identify {unknown}
 f - a scroll of curse armour {unknown}
 g - 3 scrolls of enchant weapon II {unknown}
 h - 4 scrolls of remove curse {unknown}
 k - a scroll of amnesia {unknown}
 m - a scroll of enchant armour {unknown}
 n - 2 scrolls of teleportation {unknown}
 p - a scroll of recharging {unknown}
Potions
 i - a potion of heal wounds {unknown}
 o - a potion of might {unknown}
 r - a potion of restore abilities {unknown}
Books
 b - a book of Flames

   Spells                             Type                      Level
   *Flame Tongue                      Conjuration/Fire             1
   Throw Flame                        Conjuration/Fire             2
   *Conjure Flame                     Conjuration/Fire             3
   Inner Flame                        Hexes/Fire                   3
   Sticky Flame                       Conjuration/Fire             4
   Fireball                           Conjuration/Fire             5


   Skills:
 - Level 2.4 Dodging
 - Level 2.4 Stealth
 + Level 4.3 Spellcasting
 + Level 3.0 Conjurations
 - Level 3.2 Fire Magic


You had 7 spell levels left.
You knew the following spells:

 Your Spells              Type           Power        Failure   Level  Hunger
a - Flame Tongue          Conj/Fire      ###..        3%          1    None
b - Conjure Flame         Conj/Fire      ###.....     12%         3    ###....


Dungeon Overview and Level Annotations

Branches:
Dungeon (3/27)

Altars:
Elyvilon
Nemelex Xobeh

Annotations:
D:3 ark's ghost, average HOFE


Message History

The flame hits ark's ghost.
Ark's ghost appears unharmed.
Ark's ghost is heavily damaged.
Casting: Flame Tongue
Confirm with . or Enter, or press ? or * to list all spells.
Aiming: Flame Tongue
Press: ? - help, Shift-Dir - straight line, f/p - ark's ghost
Aim: ark's ghost (heavily damaged)
The flame hits ark's ghost.
Ark's ghost is severely damaged.
Casting: Flame Tongue
Confirm with . or Enter, or press ? or * to list all spells.
Aiming: Flame Tongue
Press: ? - help, Shift-Dir - straight line, f/p - ark's ghost
Aim: ark's ghost (severely damaged)
The flame hits ark's ghost.
Ark's ghost appears unharmed.
Ark's ghost is severely damaged.
Ark's ghost emits a jet of flame.
The flame hits you!
Ouch! That really hurt!
You die...

#. # #. .# #. .. #.
##. ##### #. ..
##...########. #§
##.#...........
##.####.#############
#.p§@...#
#.......####.#
...#... ### . #...
#...# ..... #.## #


You could see ark's ghost.

Vanquished Creatures
  2 gnolls (D:2)
  2 adders (D:2)
  A giant gecko (D:1)
  An ooze (D:2)
  A ball python (D:2)
  2 bats (D:2)
  5 giant cockroaches
  3 hobgoblins (D:2)
  A quokka (D:2)
  3 giant newts
  12 goblins
  8 jackals
  3 kobolds (D:2)
  5 rats
49 creatures vanquished.

Notes
Turn   | Place    | Note
--------------------------------------------------------------
     0 | D:1      | HungrySpirit, the Deep Elf Fire Elementalist, began the quest for the Orb.
     0 | D:1      | Reached XP level 1. HP: 10/10 MP: 4/4
   612 | D:2      | Found a white marble altar of Elyvilon.
   632 | D:2      | Reached XP level 2. HP: 15/15 MP: 7/7
  1187 | D:2      | Reached XP level 3. HP: 19/19 MP: 5/10
  1797 | D:2      | Learned a level 3 spell: Conjure Flame
  1811 | D:2      | Reached skill level 4 in Spellcasting
  1848 | D:2      | Reached XP level 4. HP: 24/24 MP: 0/14
  2222 | D:3      | Found a sparkling altar of Nemelex Xobeh.
  2315 | D:3      | Noticed ark's ghost (average HOFE)
  2322 | D:3      | Killed from afar by ark's ghost

Action                   |  1- 3 |  4- 6 || total
-------------------------+-------+-------++-------
Melee: Dagger            |    30 |    14 ||    44
 Cast: Flame Tongue      |    49 |    11 ||    60
       Conjure Flame     |     2 |     2 ||     4
